 Dungeon Crawl Stone Soup version 0.25-a0-992-gca090100c3 (webtiles) character file.

Game seed: 6120419196167474644, levelgen mode: classic

69460 Amnesiac the Gelid (level 14, -3/76 HPs)
             Began as a Deep Elf Ice Elementalist on May 10, 2020.
             Was the Champion of Vehumet.
             Slain by an ice dragon (6 damage)
             ... on level 5 of the Lair of Beasts.
             The game lasted 00:56:57 (23687 turns).

Amnesiac the Gelid (Deep Elf Ice Elementalist)     Turns: 23687, Time: 00:56:58

Health: -3/76      AC: 13    Str:  5    XL:     14   Next: 90%
Magic:  28/36      EV: 17    Int: 38    God:    Vehumet [******]
Gold:   2316       SH:  7    Dex: 19    Spells: 16/45 levels left

rFire    . . .     SeeInvis .   b - +6 scimitar (freeze)
rCold    . . .     Gourm    +   j - +1 buckler
rNeg     + . .     Faith    .   X - +2 robe {Archmagi}
rPois    .         Spirit   .   i - +0 helmet
rElec    .         Reflect  .   L - +2 cloak
rCorr    .         Harm     .   F - +2 pair of gloves of Negation {Dex+4}
MR       ++...                  o - +1 pair of boots of Theory {+Inv rN+ MR+ Int+3}
Stlth    +++.......             Q - amulet of the gourmand
HPRegen  0.22/turn              D - +5 ring of intelligence
MPRegen  0.25/turn              g - +4 ring of intelligence

@: frozen ramparts
A: no striking features
a: Renounce Religion, Evoke Invisibility


You were on level 5 of the Lair of Beasts.
You worshipped Vehumet.
Vehumet was exalted by your worship.
You were completely stuffed.

You visited 4 branches of the dungeon, and saw 21 of its levels.

You collected 3148 gold pieces.
You spent 832 gold pieces at shops.

Inventory:

Hand Weapons
 b - a +6 scimitar of freezing (weapon)
Missiles
 l - 146 poisoned darts
 q - 114 sling bullets
 r - 5 throwing nets (quivered)
 s - 334 stones
Armour
 i - a +0 helmet (worn)
 j - a +1 buckler (worn)
 o - the +1 pair of boots of Theory (worn) {+Inv rN+ MR+ Int+3}
   (You acquired it on level 12 of the Dungeon)

   It affects your intelligence (+3).
   It protects you from negative energy.
   It affects your resistance to hostile enchantments.
   It lets you turn invisible.
 v - the +7 ring mail of Unambiguity {rElec rF+ Str+6 Dex-4}
   (You found it on level 5 of the Dungeon)

   It affects your strength (+6).
   It affects your dexterity (-4).
   It protects you from fire.
   It insulates you from electricity.
 F - the +2 pair of gloves of Negation (worn) {Dex+4}
   (You acquired it on level 9 of the Dungeon)

   It affects your dexterity (+4).
 L - a +2 cloak (worn)
 X - a +2 robe of the Archmagi (worn)
Magical Staves
 a - an uncursed staff of cold
Jewellery
 e - an uncursed ring of resist corrosion
 g - a +4 ring of intelligence (right hand)
 D - a +5 ring of intelligence (left hand)
 Q - an amulet of the gourmand (around neck)
 U - an uncursed ring of flight {unknown}
Wands
 h - a wand of clouds (1)
 t - a wand of paralysis (4)
 u - a wand of digging (4)
 y - a wand of random effects (22)
 B - a wand of polymorph (25)
 E - a wand of enslavement (10)
 I - a wand of iceblast (3)
 V - a wand of disintegration (15)
Scrolls
 f - 14 scrolls of remove curse {!r}
 k - 2 scrolls of magic mapping {!r}
 m - 9 scrolls of teleportation {!r}
 n - 4 scrolls of fear {!r}
 p - 4 scrolls of noise {!r}
 C - a scroll of vulnerability {!r}
 N - a scroll of torment {!r}
 O - 8 scrolls of identify {!r}
 T - a scroll of summoning {!r}
Potions
 d - 3 potions of might {!q}
 w - a potion of magic {!q}
 x - 3 potions of haste {!q}
 z - a potion of brilliance {!q}
 A - 5 potions of stabbing {!q}
 G - 4 potions of invisibility {!q}
 H - a potion of mutation {!q}
 J - 2 potions of flight {!q}
 K - 2 potions of curing {!q}
 M - a potion of cancellation {!q}
 P - a potion of heal wounds {!q}
 W - 2 potions of berserk rage {!q}
Miscellaneous
 S - a lightning rod (4/4)
Comestibles
 c - 27 rations
 Y - 13 chunks of flesh


   Skills:
 - Level 4.0 Fighting
 * Level 10.8 Staves
 + Level 6.0 Dodging
 - Level 4.0 Stealth
 - Level 4.0 Shields
 - Level 16.3 Spellcasting
 - Level 19.1 Ice Magic
 - Level 4.0 Evocations


You had 16 spell levels left.
You knew the following spells:

 Your Spells              Type           Power        Failure   Level  Hunger
a - Ozocubu's Refrigerat  Ice            ########..   1%          6    None
b - Frozen Ramparts       Ice            ######       0%          3    None
c - Summon Ice Beast      Ice/Summ       ########     1%          4    None
d - Hailstorm             Conj/Ice       ########     1%          4    None
e - Freezing Cloud        Conj/Ice/Air   #######...   3%          6    None
f - Passwall              Tmut/Erth      #####...     1%          2    None
w - Freeze                Ice            ####         0%          1    None
z - Ozocubu's Armour      Chrm/Ice       ########     1%          3    None

Your spell library contained the following spells:

 Spells                   Type           Power        Failure   Level  Hunger
 Spellforged Servitor     Conj/Summ      #####.....   88%         7    ###....
 Sandblast                Erth           #####.       1%          1    None
 Shock                    Conj/Air       ####         1%          1    None
 Poisonous Vapours        Pois/Air       #####.       1%          2    None
 Swiftness                Chrm/Air       #####...     1%          2    None
 Conjure Flame            Conj/Fire      #####...     1%          3    None
 Mephitic Cloud           Conj/Pois/Air  #####...     1%          3    None
 Static Discharge         Conj/Air       #####...     1%          3    None
 Stone Arrow              Conj/Erth      #####.       1%          3    None
 Ice Form                 Ice/Tmut       ########     1%          4    None
 Metabolic Englaciation   Hex/Ice        ########..   1%          5    None
 Airstrike                Air            #####.....   3%          4    None
 Simulacrum               Ice/Necr       ########..   3%          6    None
 Lee's Rapid Deconstruct  Erth           #####.....   8%          5    None
 Lightning Bolt           Conj/Air       #####.....   8%          5    None
 Petrify                  Tmut/Erth      #####...     11%         4    None
 Ring of Flames           Chrm/Fire      #####.....   100%        7    ###....


Dungeon Overview and Level Annotations

Branches:
Dungeon (13/15)            Temple (1/1) D:6            Lair (5/6) D:11
  Swamp (0/4) Lair:4       Spider (0/4) Lair:4          Orc (2/2) D:12
    Elf (0/3) Orc:2
  Slime: Lair:5-6    Vaults: D:13-14

Altars:
Ashenzari
Cheibriados
Dithmenos
Elyvilon
Fedhas
Gozag
Hepliaklqana
Kikubaaqudgha
Makhleb
Nemelex Xobeh
Okawaru
Qazlal
Ru
Sif Muna
Trog
Uskayaw
Vehumet
Wu Jian
Xom
Yredelemnul
Zin
The Shining One
Beogh

Shops:
D:5 :   D:9 (   Orc:2 ((??

Portals:
Ice
Cave: Lair:5

Annotations:
D:10 exclusions: obsidian statue and orange crystal statue


Message History

Press: ? - help, Shift-Dir - straight line, f/p - ice dragon
Aim: an ice dragon (severely wounded, paralysed)
The puff of flame hits the ice dragon but does no damage.
The ice dragon is severely wounded.
You can drink potions again.
Evoke which item? (* to show all) (? for menu, Esc to quit)
Aiming: Throw Flame
Press: ? - help, Shift-Dir - straight line, f/p - ice dragon
Aim: an ice dragon (severely wounded, paralysed)
The puff of flame hits the ice dragon but does no damage.
The ice dragon is severely wounded.
The now-empty wand crumbles to dust.
No previous command to re-do.
No previous command to re-do.
Evoke which item? (* to show all) (? for menu, Esc to quit)
Okay, then.
The helpless ice dragon fails to defend itself.
You hit the ice dragon. You freeze the ice dragon.
The ice dragon is severely wounded.
Okay, then.
Casting: Frozen Ramparts (safe; 0% risk of failure)
Confirm with . or Enter, or press ? or * to list all spells.
You feel a strong surge of power!
The walls around you are covered in ice.
The ice dragon resists.
The wall freezes the ice dragon.
The helpless ice dragon fails to defend itself.
You hit the ice dragon but do no damage.
The ice dragon is severely wounded.
Your +6 scimitar of freezing glows with a cold blue light!
b - a +6 scimitar of freezing (weapon)
The ice dragon resists.
The wall freezes the ice dragon.
The helpless ice dragon fails to defend itself.
You hit the ice dragon.
The ice dragon is severely wounded.
The ice dragon resists.
The wall freezes the ice dragon.
The helpless ice dragon fails to defend itself.
You hit the ice dragon.
The ice dragon is severely wounded.
The ice dragon is no longer paralysed.
The ice dragon resists.
The wall freezes the ice dragon.
The ice dragon bites you!
* * * LOW HITPOINT WARNING * * *
The ice dragon claws you.
* * * LOW HITPOINT WARNING * * *
The ice dragon tramples you.
* * * LOW HITPOINT WARNING * * *
You hold your ground!
The ice dragon resists.
The wall freezes the ice dragon.
The ice dragon breathes frost at you. The blast of cold misses you.
Evoke which item? (* to show all) (? for menu, Esc to quit)
Aiming: Iceblast
Press: ? - help, Shift-Dir - straight line, f/p - ice dragon
Aim: an ice dragon (almost dead, catching @pronoun_posessive@ breath) That beam is likely to hit you.
Continue anyway?
The mass of ice explodes!
The iceblast engulfs the ice dragon.
The ice dragon partially resists.
The ice dragon is almost dead.
The iceblast engulfs you!!
* * * LOW HITPOINT WARNING * * *
The ice dragon resists.
The wall freezes the ice dragon.
The ice dragon closely misses you.
You riposte.
You hit the ice dragon but do no damage.
The ice dragon is almost dead.
The ice dragon claws you.
You die...

##.................
#..................
##......##....P.#..
#......##....###..
##..##.....P.# #
#####....#### #.. ##
##.....#
...(.#.####......#
..∩†.†.D@#.#......#
......###.####.....#
#...# ### .....P ###
##.... #... ...


You could see an ice dragon (catching breath).

Vanquished Creatures
  An orc warlord (Orc:1)
  The ghost of Yorgos the Blocker, a journeyman GnFi of Qazlal (D:12)
  An ettin (Orc:2)
  2 ogre magi (Orc:2)
  A centaur warrior (D:12)
  6 hydras
  9 two-headed ogres
  6 death knights
  An orc high priest (Orc:1)
  4 skeletal warriors
  2 deep trolls (Orc:2)
  An orc knight (Orc:1)
  The ghost of Topotin the Destroyer, a novice GrCj of Vehumet (D:6)
  4 orc sorcerers
  3 oklob plants
  5 cyclopes
  The ghost of buskinjo the Chucker, a novice OgHu (D:4)
  11 elephants
  A manticore (D:11)
  2 black mambas
  2 torpor snails
  Psyche (D:8)
  3 spiny frogs
  2 rime drakes
  The ghost of TrebMcFLY the Chopper, a novice FoAK of Lugonu (D:4)
  8 komodo dragons
  2 tormentors (D:12)
  2 tyrant leeches (Lair:4)
  11 trolls
  A hornet (D:12)
  3 polar bears
  3 slime creatures (D:12)
  14 blink frogs
  7 hippogriffs
  A spriggan (D:7)
  A wraith (D:11)
  48 yaks
  3 wyverns
  10 humans (D:7)
  Edmund (D:6)
  A swamp worm (Lair:4)
  3 wargs
  4 water moccasins
  8 porcupines
  A black bear (D:6)
  Purgy (D:3)
  3 sky beasts
  27 orc warriors
  The ghost of ra1n577 the Shield-Bearer, an amateur DDFi (D:4)
  An ice beast (D:5)
  A phantom (D:12)
  6 wolves
  29 ogres
  7 necrophages
  9 crocodiles
  13 centaurs
  14 bullfrogs
  A gnoll sergeant (D:8)
  3 scorpions
  17 wights
  14 killer bees
  2 howler monkeys
  4 hounds
  A quasit (D:12)
  2 centaur zombies
  6 crimson imps
  2 gnoll shamans
  24 orc wizards
  22 orc priests
  2 bullfrog skeletons
  4 centaur skeletons
  A jelly (D:8)
  3 iguanas
  6 worker ants
  The ghost of Flugslaktarn the Sneak, a weakling MiAs (D:4)
  A mummy (D:10)
  3 worker ant zombies
  17 gnolls
  7 adders
  2 shadow imps
  An adder skeleton (D:4)
  4 worms
  A dart slug (D:2)
  6 leopard geckos
  91 orcs
  A ball python (D:1)
  9 bats
  4 giant cockroaches
  3 goblins
  9 hobgoblins
  8 jackals
  3 quokkas
  4 frilled lizards
  7 kobolds
  A quokka zombie (D:8)
  6 rats
  A butterfly (Lair:5)
  22 fungi
  19 plants
661 creatures vanquished.

Vanquished Creatures (collateral kills)
  2 ice beasts
  A wyvern zombie (D:6)
  A wight (D:8)
  An orc priest (D:4)
  An orc wizard (D:4)
  A nameless horror (D:6)
  A howler monkey skeleton (D:7)
8 creatures vanquished.

Vanquished Creatures (others)
  3 fungi (Lair:3)
  3 withered plants (D:10)
6 creatures vanquished.

Grand Total: 675 creatures vanquished

Notes
Turn   | Place    | Note
-------+----------+-------------------------------------------
     0 | D:1      | Amnesiac the Deep Elf Ice Elementalist began the quest for
                  | the Orb.
     0 | D:1      | Reached XP level 1. HP: 10/10 MP: 6/6
    97 | D:2      | Reached XP level 2. HP: 15/15 MP: 5/8
   420 | D:3      | Found a sacrificial altar of Ru.
   420 | D:3      | Found a shimmering blue altar of Sif Muna.
   476 | D:3      | Reached skill level 5 in Ice Magic
   476 | D:3      | Reached XP level 3. HP: 16/19 MP: 7/10
   481 | D:3      | Learned a level 3 spell: Frozen Ramparts
   485 | D:3      | Learned a level 3 spell: Ozocubu's Armour
   860 | D:4      | Reached XP level 4. HP: 18/24 MP: 7/12
   901 | D:4      | Learned a level 4 spell: Summon Ice Beast
   988 | D:5      | Entered Level 5 of the Dungeon
   992 | D:6      | Noticed a bullfrog
   997 | D:6      | Killed a bullfrog
   997 | D:6      | Reached skill level 6 in Ice Magic
   997 | D:6      | Reached XP level 5. HP: 28/28 MP: 8/13
  1010 | D:6      | Reached skill level 5 in Spellcasting
  1181 | D:4      | Found a runed translucent gate.
  1181 | D:4      | Found a runed translucent gate.
  1181 | D:4      | Found a runed translucent gate.
  1183 | D:4      | Noticed ra1n577's ghost (amateur DDFi)
  1183 | D:4      | Noticed Flugslaktarn's ghost (weakling MiAs)
  1184 | D:4      | Noticed TrebMcFLY's ghost (novice FoAK)
  1189 | D:4      | Noticed buskinjo's ghost (novice OgHu)
  1511 | D:2      | Reached XP level 6. HP: 30/32 MP: 1/15
  1524 | D:2      | Reached skill level 7 in Ice Magic
  1999 | D:3      | Noticed Purgy
  2006 | D:3      | Killed Purgy
  2112 | D:4      | Killed Flugslaktarn's ghost
  2196 | D:4      | Killed buskinjo's ghost
  2196 | D:4      | Reached skill level 8 in Ice Magic
  2196 | D:4      | Reached XP level 7. HP: 7/36 MP: 13/19
  2577 | D:4      | Killed ra1n577's ghost
  2577 | D:4      | Reached skill level 9 in Ice Magic
  3059 | D:4      | Killed TrebMcFLY's ghost
  3059 | D:4      | Reached XP level 8. HP: 41/41 MP: 17/22
  3307 | D:5      | Reached skill level 10 in Ice Magic
  3736 | D:6      | Noticed Edmund
  3746 | D:6      | Killed Edmund
  3787 | D:5      | Found Sileum's Book Shop.
  4009 | D:5      | Got a faintly glowing ring mail
  4076 | D:5      | Found a blossoming altar of Fedhas.
  4105 | D:5      | Found a hazy altar of Hepliaklqana.
  4451 | D:6      | Found a staircase to the Ecumenical Temple.
  4464 | D:6      | Reached skill level 11 in Ice Magic
  4507 | Temple   | Entered the Ecumenical Temple
  4768 | Temple   | Became a worshipper of Vehumet
  5953 | D:2      | Reached * piety under Vehumet
  5953 | D:2      | Offered knowledge of Sandblast by Vehumet.
  6302 | D:3      | Found a faded altar of an unknown god.
  6395 | D:3      | Reached XP level 9. HP: 37/45 MP: 22/24
  6413 | D:3      | Identified the +7 ring mail of Unambiguity {rElec rF+ Str+6
                  | Dex-4} (You found it on level 5 of the Dungeon)
  6860 | D:6      | Found a runed translucent door.
  6861 | D:6      | Noticed Topotin's ghost (novice GrCj)
  6884 | D:6      | Killed Topotin's ghost
  6884 | D:6      | Reached skill level 1 in Evocations
  7437 | D:7      | Got a crystal dagger
  7552 | D:7      | Reached skill level 1 in Shields
  7572 | D:7      | Reached skill level 10 in Spellcasting
  7572 | D:7      | Reached skill level 12 in Ice Magic
  7646 | D:7      | Learned a level 4 spell: Hailstorm
  7829 | D:7      | Identified the +1 dagger of Cowem {vorpal, Stlth+} (You
                  | found it on level 7 of the Dungeon)
  7842 | D:7      | Reached ** piety under Vehumet
  7842 | D:7      | Offered knowledge of Foxfire by Vehumet.
  8435 | D:7      | Found a large runed translucent door.
  8435 | D:7      | Found a large runed translucent door.
  8435 | D:7      | Found a runed translucent door.
  8463 | D:7      | Reached XP level 10. HP: 46/50 MP: 24/26
  8470 | D:7      | Reached skill level 13 in Ice Magic
  8475 | D:7      | Offered knowledge of Inner Flame by Vehumet.
  8557 | D:7      | Found a runed translucent door.
  8586 | D:7      | Found a runed translucent door.
  8796 | D:8      | Reached *** piety under Vehumet
  8919 | D:8      | Noticed Psyche
  8925 | D:8      | Killed Psyche
  9122 | D:8      | Offered knowledge of Static Discharge by Vehumet.
  9332 | D:8      | Reached skill level 14 in Ice Magic
  9580 | D:8      | Reached **** piety under Vehumet
  9588 | D:8      | Offered knowledge of Stone Arrow by Vehumet.
  9596 | D:8      | Learned a level 6 spell: Freezing Cloud
 10008 | D:9      | Found Eloaph's Weapon Shop.
 10269 | D:9      | Identified 3 scrolls of acquirement {!r}
 10269 | D:9      | Identified the ring "Virubi" {rPois MR+} (You acquired it
                  | on level 9 of the Dungeon)
 10269 | D:9      | Identified the +2 pair of gloves of Negation {Dex+4} (You
                  | acquired it on level 9 of the Dungeon)
 10286 | D:9      | Identified the ring "Lobihaso" {Wiz Int+3} (You acquired it
                  | on level 9 of the Dungeon)
 10295 | D:9      | Learned a level 6 spell: Ozocubu's Refrigeration
 10341 | D:9      | Reached XP level 11. HP: 42/54 MP: 21/29
 11054 | D:10     | Entered Level 10 of the Dungeon
 11087 | D:10     | Noticed a two-headed ogre
 11092 | D:10     | Killed a two-headed ogre
 11275 | D:10     | Got a dazzling plate armour
 11512 | D:10     | Identified the +5 plate armour of the Tuna {Dex+5} (You
                  | found it on level 10 of the Dungeon)
 11906 | D:10     | Reached skill level 1 in Staves
 12300 | D:10     | Reached ***** piety under Vehumet
 12301 | D:10     | Noticed an obsidian statue
 12301 | D:10     | Noticed an orange crystal statue
 12623 | D:11     | Offered knowledge of Orb of Destruction by Vehumet.
 12763 | D:11     | Reached skill level 15 in Ice Magic
 13353 | D:11     | Found a shadowy altar of Dithmenos.
 13717 | D:11     | Found a staircase to the Lair.
 14032 | D:12     | Noticed a death knight
 14041 | D:12     | Killed a death knight
 14176 | D:12     | Noticed a death knight
 14179 | D:12     | Killed a death knight
 14179 | D:12     | Noticed a skeletal warrior
 14181 | D:12     | Noticed a death knight
 14181 | D:12     | Noticed a skeletal warrior
 14182 | D:12     | Noticed a death knight
 14184 | D:12     | Killed a death knight
 14184 | D:12     | Killed a death knight
 14206 | D:12     | Killed a skeletal warrior
 14206 | D:12     | Reached XP level 12. HP: 30/59 MP: 1/31
 14370 | D:12     | Noticed a death knight
 14375 | D:12     | Killed a death knight
 14497 | D:12     | Reached skill level 16 in Ice Magic
 15255 | D:12     | Noticed a centaur warrior
 15257 | D:12     | Killed a centaur warrior
 15321 | D:12     | Found a large runed translucent door.
 15322 | D:12     | Found a large runed translucent door.
 15343 | D:12     | Noticed Yorgos's ghost (journeyman GnFi)
 15779 | D:12     | Found a staircase to the Orcish Mines.
 15874 | D:12     | Killed Yorgos's ghost
 16067 | Orc:1    | Entered Level 1 of the Orcish Mines
 16076 | Orc:1    | Offered knowledge of Olgreb's Toxic Radiance by Vehumet.
 16165 | Orc:1    | Reached skill level 17 in Ice Magic
 16421 | Orc:1    | Noticed an orc high priest
 16424 | Orc:1    | Found a roughly hewn altar of Beogh.
 16429 | Orc:1    | Killed an orc high priest
 16429 | Orc:1    | Reached skill level 1 in Fighting
 16527 | Orc:1    | Noticed an orc warlord
 16535 | Orc:1    | Killed an orc warlord
 16535 | Orc:1    | Reached XP level 13. HP: 62/66 MP: 25/33
 16911 | Orc:2    | Entered Level 2 of the Orcish Mines
 16922 | Orc:2    | Noticed an ettin
 16924 | Orc:2    | Reached skill level 15 in Spellcasting
 16925 | Orc:2    | Killed an ettin
 17227 | Orc:2    | Found a staircase to the Elven Halls.
 17598 | Orc:2    | Learned a level 2 spell: Passwall
 17703 | Orc:2    | Found Uxoiqi's Antique Weapon Emporium.
 17705 | Orc:2    | Reached skill level 18 in Ice Magic
 17706 | Orc:2    | Found Petuhal's Antique Weapon Shop.
 17717 | Orc:2    | Found Xyrphuak's Magic Scroll Boutique.
 17726 | Orc:2    | Found Hotwulos's Magic Scroll Shop.
 17818 | Orc:2    | Bought a scroll of acquirement for 832 gold pieces
 18358 | D:12     | Identified the +1 pair of boots of Theory {+Inv rN+ MR+
                  | Int+3} (You acquired it on level 12 of the Dungeon)
 18412 | Lair:1   | Entered Level 1 of the Lair of Beasts
 18443 | Lair:1   | Identified the -5 pair of boots of the Guilds {Int+2} (You
                  | acquired it on level 1 of the Lair of Beasts)
 18474 | Lair:1   | Reached skill level 19 in Ice Magic
 18474 | Lair:1   | Reached XP level 14. HP: 72/76 MP: 36/36
 19323 | Lair:2   | Reached skill level 5 in Staves
 19378 | Lair:2   | Offered knowledge of Conjure Ball Lightning by Vehumet.
 22416 | Lair:4   | Found a hole to the Spider Nest.
 22570 | Lair:4   | Found a staircase to the Swamp.
 23449 | Lair:5   | Reached skill level 10 in Staves
 23487 | Lair:5   | Reached skill level 5 in Dodging
 23658 | Lair:5   | Found a frozen archway.
 23661 | Lair:5   | Reached ****** piety under Vehumet
 23662 | Lair:5   | Offered knowledge of Spellforged Servitor by Vehumet.
 23687 | Lair:5   | HP: 3/76 [shot self (22)]
 23687 | Lair:5   | Slain by an ice dragon

Illustrated notes

Levels and vault maps discovered:
D:1:      moated_graveyard_arrival, layout_basic
D:2:      layout_basic
D:3:      layout_loops_ring, gammafunk_temple_overflow_statue, first_ration,
          chequers_ecumenical_altar_twisty, uniq_purgy
D:4:      layout_basic, gammafunk_ghost_cemetery
D:5:      layout_basic, lemuel_doored_altar, lemuel_round_altar, serial_shops,
          kennysheep_little_box
D:6:      layout_loops_ring, minmay_temple_entry_purple_smoke,
          gammafunk_ghost_grave, uniq_edmund
D:7:      erik_cavepeople, layout_basic, the_bakery, minmay_misc_feat_doors,
          skrybe_limestone_x
D:8:      layout_gridville, serial_bayou_pond_e, hangedman_decor_riveting,
          wad_rectangle_vault, uniq_psyche
D:9:      layout_irregular_city, serial_shops, nicolae_shop_trees,
          minmay_orc_keep
D:10:     layout_loops_corners, serial_undead, serial_undead_b, serial_undead_c,
          serial_undead_d, serial_undead_f, serial_undead_b, serial_undead_d,
          serial_undead_d, david_greed
D:11:     layout_loops_ring, lair_entry_dummy, grunt_dithmenos_smoke_and_mirrors
D:12:     cheibrodos_tormentor_scu, layout_irregular_city, david_orc_4,
          ebering_ghost_disaster_area
D:13:     layout_small_grid, grunt_vaults_entry_tiered,
          nicolae_trove_entry_path_of_doom, uniq_rupert
Temple:   regret_index_temple_mists
Lair:1:   layout_roguey, serial_bayou_shore_a
Lair:2:   layout_layer_cave, infiniplex_staircase_pool_2, grunt_megastairs_4
Lair:3:   layout_roguey, grunt_megastairs_2
Lair:4:   layout_cave_pods, minmay_swamp_entry_worms,
          spider_nest_entry_web_field
Lair:5:   layout_concentric_octagons, portal_ice_cave_entry_animals_and_master,
          lemuel_fruit_tree, lemuel_fruit_fields, minmay_lair_oklob_chamber,
          grunt_megastairs_5
Orc:1:    layout_caves, bh_open_orc_temple
Orc:2:    st_orc_open, layout_caves, guppyfry_library_mini

Skill      XL: |  1  2  3  4  5  6  7  8  9 10 11 12 13 14 |
---------------+-------------------------------------------+-----
Stealth        | 3 4 |  4.0
Ice Magic      | 5 6 8 9 11 12 14 15 17 19 | 19.1
Spellcasting   | 4 5 6 8 9 10 12 13 14 16 | 16.3
Evocations     | 2 3 4 |  4.0
Shields        | 2 4 |  4.0
Dodging        | 4 6 |  6.0
Staves         | 4 10 | 10.8
Fighting       | 1 4 |  4.0

Action                   |  1- 3 |  4- 6 |  7- 9 | 10-12 | 13-15 || total
-------------------------+-------+-------+-------+-------+-------++-------
Melee: Trident           |     3 |       |    36 |    61 |       ||   100
       Great sword       |       |    16 |    36 |       |       ||    52
       Dire flail        |       |       |     5 |       |       ||     5
       Staff             |       |       |       |   132 |   138 ||   270
       Scimitar          |       |       |       |       |     2 ||     2
Throw: Throwing net      |     2 |       |       |       |       ||     2
 Cast: Freeze            |    19 |    33 |    51 |    49 |       ||   152
       Frozen Ramparts   |     2 |     8 |    34 |    27 |     5 ||    76
       Summon Ice Beast  |       |       |     9 |    14 |       ||    23
       Ozocubu's Armour  |       |       |     1 |       |       ||     1
       Hailstorm         |       |       |     4 |    22 |       ||    26
       Ozocubu's Refrige |       |       |       |    92 |   102 ||   194
       Freezing Cloud    |       |       |       |       |     2 ||     2
Evoke: Wand              |       |       |       |     1 |    15 ||    16
  Use: Scroll            |       |       |     9 |    12 |    18 ||    39
       Potion            |       |       |     9 |     2 |       ||    11
 Stab: Sleeping          |     2 |       |       |     1 |     6 ||     9
       Paralysed         |       |       |       |       |     5 ||     5
  Eat: Chunk             |       |     4 |    20 |    32 |    22 ||    78
       Ration            |       |       |       |     3 |       ||     3
Armor: Robe              |       |    20 |    14 |       |    19 ||    53
       Skin              |       |       |     1 |       |       ||     1
       Ring mail         |       |       |    33 |   113 |     1 ||   147
Dodge: Dodged            |     8 |    45 |    87 |   138 |    71 ||   349
Block: Buckler           |       |       |     8 |    55 |    37 ||   100
       Rpst.: Great sword |       |     9 |    19 |       |       ||    28
       Scimitar          |       |       |       |       |     1 ||     1

Table legend:
 A = Non-vault XP
 B = Vault XP
 C = Vault XP percentage of total XP
 D = Non-vault monster count
 E = Vault monster count
 F = Vault count percentage of total count
                 A         B        C        D         E       F
            +---------+---------+-------+---------+---------+-------
      Total |   63611 |   35618 |  35.9 |     479 |     147 |  23.5
            +---------+---------+-------+---------+---------+-------
        D:1 |      28 |       0 |   0.0 |      17 |       0 |   0.0
        D:2 |     139 |       0 |   0.0 |      27 |       0 |   0.0
        D:3 |      82 |     134 |  62.0 |      15 |       1 |   6.2
        D:4 |     349 |    1040 |  74.9 |      20 |       4 |  16.7
        D:5 |     338 |       0 |   0.0 |      10 |       0 |   0.0
        D:6 |     613 |     751 |  55.1 |      15 |       2 |  11.8
        D:7 |    1530 |    3483 |  69.5 |      35 |      20 |  36.4
        D:8 |    1235 |     868 |  41.3 |      38 |       6 |  13.6
        D:9 |    1183 |     138 |  10.4 |      21 |       9 |  30.0
       D:10 |    2706 |     907 |  25.1 |      13 |      11 |  45.8
       D:11 |    1841 |       0 |   0.0 |      19 |       0 |   0.0
       D:12 |    7740 |    6219 |  44.6 |      49 |      23 |  31.9
       D:13 |    2910 |       0 |   0.0 |       9 |       0 |   0.0
     Lair:1 |    5278 |       0 |   0.0 |      15 |       0 |   0.0
     Lair:2 |    5966 |     151 |   2.5 |      27 |       1 |   3.6
     Lair:3 |   10970 |     867 |   7.3 |      33 |       5 |  13.2
     Lair:4 |    2846 |     735 |  20.5 |      13 |       3 |  18.8
     Lair:5 |    6264 |    2876 |  31.5 |      17 |      10 |  37.0
      Orc:1 |    6704 |    1291 |  16.1 |      43 |       6 |  12.2
      Orc:2 |    4889 |   16158 |  76.8 |      43 |      46 |  51.7
            +---------+---------+-------+---------+---------+-------
